 Dungeon Crawl Stone Soup version 0.29.1-1-gd02db6906a (webtiles) character file.

Game seed: 10482371999327713072

77 Tirrikindir the Ruffian (level 4, -2/44 HPs)
             Began as a Troll Monk on Sept 29, 2022.
             Slain by an orc
             ... wielding a +0 flail
              (4 damage)
             ... on level 3 of the Dungeon.
             The game lasted 00:04:03 (1527 turns).

Tirrikindir the Ruffian (Troll Monk)                Turns: 1527, Time: 00:04:03

Health: -2/44      AC:  6    Str: 19    XL:     4   Next: 14%
Magic:  3/3        EV: 10    Int:  6    God:
Gold:   43         SH:  0    Dex: 14    Spells: 3/3 levels left

rFire   . . .      SeeInvis .     - Unarmed
rCold   + . .      Faith    .   (no shield)
rNeg    . . .      Spirit   .   a - +0 robe
rPois   .          Reflect  .   (helmet restricted)
rElec   .          Harm     .   i - +1 cloak
rCorr   .          Rampage  .   (gloves unavailable)
Will    .....                   (boots unavailable)
Stlth   ++........              (no amulet)
HPRegen 0.94/turn               c - ring of protection from cold
MPRegen 0.08/turn               (no ring)

@: no status effects
A: large, unfitting armour, claws 3, regeneration 1, shaggy fur 1, tough skin 1
a: no special abilities


You were on level 3 of the Dungeon.
You visited 1 branch of the dungeon, and saw 3 of its levels.

You collected 43 gold pieces.

Inventory:

Hand Weapons
 q - a +0 trident
Missiles
 h - 6 poisoned darts (quivered)
Armour
 a - a +0 robe (worn)
 i - a +1 cloak (worn)
Jewellery
 c - a ring of protection from cold (left claw)
Scrolls
 f - a scroll of butterflies {unknown}
 n - a scroll of torment {unknown}
 o - a scroll of teleportation {unknown}
 p - a scroll of poison {unknown}
 r - a scroll of enchant armour {unknown}
Potions
 b - a potion of ambrosia
 d - a potion of curing
 e - a potion of invisibility {unknown}
 g - 2 potions of haste {unknown}
 j - a potion of brilliance {unknown}
 k - a potion of magic {unknown}
 l - 2 potions of heal wounds {unknown}
 m - a potion of attraction {unknown}


   Skills:
 + Level 2.9 Fighting
 + Level 2.9 Dodging
 - Level 1.0 Stealth
 * Level 4.1 Unarmed Combat


You had 3 spell levels left.
You didn't know any spells.
Your spell library contained the following spells:

 Spells                   Type           Power      Damage    Failure   Level
 Confusing Touch          Hex            0%         N/A       83%         3
 Fireball                 Conj/Fire      0%         3d3       100%        5
 Iskenderun's Battlesphe  Conj           0%         2d6       100%        5
 Yara's Violent Unravell  Hex/Tmut       0%         3d3       100%        5
 Conjure Ball Lightning   Conj/Air       0%         3x3d6     100%        6
 Enfeeble                 Hex            0%         N/A       100%        7
 Orb of Destruction       Conj           0%         9d5       100%        7


Dungeon Overview and Level Annotations

Branches:
Dungeon (3/15)

Altars:
Ashenzari
Cheibriados


Innate Abilities, Weirdness & Mutations

You are too large for most types of armour.
You have claws for hands.
Your natural rate of healing is unusually fast.
You are covered in fur. (AC +1)
You have tough skin. (AC +1)


Message History

q - a +0 trident
There is an open door here.
r - a scroll labelled SUOXOAPH GALEW
Found a snail-covered altar of Cheibriados.
There is an open door here.
Things that are here:
a +0 flail; an orc corpse; an orc corpse
There is an open door here.
An orc comes into view.
It is wielding a +0 flail. 2 orcs come into view.
Found a dagger.
Found a broken altar of Ashenzari.
The orc shouts! x2
The orc attacks as you move away! The orc completely misses you.
The orc hits you with a +0 war axe!
You barely miss the orc. The orc hits you with a +0 mace.
The orc barely misses you.
You scratch the orc but do no damage. The orc hits you but does no damage.
The orc hits you with a +0 mace.
You scratch the orc.
The orc is moderately wounded.
The orc hits you with a +0 flail. The orc hits you with a +0 war axe.
The orc hits you but does no damage.
You claw the orc!
You kill the orc!
You claw the orc!
You kill the orc!
The orc hits you with a +0 flail.
You closely miss the orc. The orc hits you with a +0 flail.
You closely miss the orc. The orc closely misses you.
You barely miss the orc. The orc hits you but does no damage.
You closely miss the orc. The orc hits you but does no damage.
You closely miss the orc. The orc hits you with a +0 flail!
You barely miss the orc. The orc hits you with a +0 flail.
* * * LOW HITPOINT WARNING * * *
You closely miss the orc. The orc hits you with a +0 flail.
* * * LOW HITPOINT WARNING * * *
The orc attacks as you move away! The orc hits you with a +0 flail.
* * * LOW HITPOINT WARNING * * *
The orc attacks as you move away! The orc hits you with a +0 flail.
You die...

#............##'...###
# #.##########...#≈≈≈#
# #. ##.)#≈≈≈# # #.
###'...### # ##
##.......# #
#...###...# #
##..##.##..# #
#...#...#...### #
#.@##...## .#.# #
#.o#.._..# #.# #
#..#)....#..#.# #
##..).....)##.#####
###.....####......
#######....#####
##.###.#.###.. #..#
#........
#..###.#.###..


You could see an orc.

Vanquished Creatures
  2 adders (D:3)
  2 worms
  2 dart slugs (D:2)
  5 orcs (D:3)
  2 endoplasms (D:1)
  2 giant cockroaches
  3 goblins (D:2)
  2 hobgoblins
  4 jackals (D:1)
  2 kobolds
  2 quokkas
  3 ball pythons
  6 bats
  A frilled lizard (D:1)
  4 rats
42 creatures vanquished.

Notes
Turn   | Place    | Note
-------+----------+-------------------------------------------
     0 | D:1      | Tirrikindir the Troll Monk began the quest for the Orb.
     0 | D:1      | Reached XP level 1. HP: 22/22 MP: 0/0
   127 | D:1      | Reached XP level 2. HP: 29/29 MP: 1/1
   720 | D:2      | Reached XP level 3. HP: 36/36 MP: 2/2
   968 | D:2      | Found a faded altar of an unknown god.
  1414 | D:3      | Reached skill level 4 in Unarmed Combat
  1458 | D:3      | Reached XP level 4. HP: 39/44 MP: 3/3
  1480 | D:3      | Found a snail-covered altar of Cheibriados.
  1509 | D:3      | Found a broken altar of Ashenzari.
  1526 | D:3      | HP: 1/44 [orc/+0 flail (6)]
  1527 | D:3      | Slain by an orc

Illustrated notes

Levels and vault maps discovered:
D:1:      minmay_arrival_radiant_lines, layout_loops_ring
D:2:      layout_basic, shapermc_ecumenical_altar_pompeii
D:3:      layout_loops_ring, mainiacjoe_overflow_two_lobes, serial_rivers,
          chequers_serial_rivers_room_a, chequers_serial_rivers_large_a,
          chequers_serial_rivers_micro_c, chequers_serial_rivers_micro_c,
          chequers_serial_rivers_micro_d

Skill      XL: |  1  2  3 |
---------------+----------+-----
Unarmed Combat | 4 |  4.1
Fighting       | |  2.9
Dodging        | |  2.9
Stealth        | |  1.0

Action                   |  1- 3 |  4- 6 || total
-------------------------+-------+-------++-------
Melee: Unarmed           |    95 |    18 ||   113
       Punch             |     4 |       ||     4
  Use: Scroll            |     1 |       ||     1
 Stab: Sleeping          |     8 |       ||     8
Armor: Robe              |    50 |     6 ||    56
Dodge: Dodged            |    43 |     5 ||    48
